 Dungeon Crawl Stone Soup version 0.27.0-1-g7a089689b8 (webtiles) character file.

Game seed: 9443041018324892254

23 x13thangelx the Skirmisher (level 2, 0/25 HPs)
             Began as a Palentonga Fighter on Aug 1, 2021.
             Slain by a rat (1 damage)
             ... on level 2 of the Dungeon.
             The game lasted 00:03:46 (830 turns).

x13thangelx the Skirmisher (Palentonga Fighter)      Turns: 830, Time: 00:03:47

Health: 0/25       AC:  6    Str: 19    XL:     2   Next: 75%
Magic:  2/2        EV:  5    Int:  8    God:
Gold:   90         SH:  8    Dex:  9    Spells: 1/1 levels left

rFire    . . .     SeeInvis +   a - +0 flail
rCold    . . .     Faith    .   c - +0 kite shield
rNeg     . . .     Spirit   .   b - +0 scale mail
rPois    .         Reflect  .   (no helmet)
rElec    .         Harm     .   (no cloak)
rCorr    +         Rampage  .   (no gloves)
Will     .....                  (no barding)
Stlth    ..........             (no amulet)
HPRegen  0.08/turn              h - ring of resist corrosion
MPRegen  0.08/turn              (no ring)

@: mighty, weak-willed
A: large, rugged brown scales 3, see invisible, deformed body, roll 1, armoured
tail
a: Rolling Charge


You were on level 2 of the Dungeon.
You visited 1 branch of the dungeon, and saw 2 of its levels.

You collected 90 gold pieces.

Inventory:

Hand Weapons
 a - a +0 flail (weapon)
Missiles
 g - 16 arrows
Armour
 b - a +0 scale mail (worn)
 c - a +0 kite shield (worn)
Jewellery
 h - a ring of resist corrosion (left hand)


   Skills:
 + Level 3.2 Fighting
 + Level 2.3 Maces & Flails
 + Level 2.6 Armour
 + Level 2.7 Shields


You had one spell level left.
You didn't know any spells.
Your spell library was empty.

Dungeon Overview and Level Annotations

Branches:
Dungeon (2/15)

Altars:


Innate Abilities, Weirdness & Mutations

You are completely covered in rugged brown scales. (AC +3, +7% HP)
You have supernaturally acute eyesight. (SInv)
Armour fits poorly on your strangely shaped body.
You can roll at nearby foes to attack.
You have a long armoured tail.


Message History

You block the jackal's attack. x2; The rat bites you but does no damage.
The hobgoblin hits you but does no damage.
You hit the ball python.
The ball python is severely wounded.
The jackal bites you but does no damage.
The jackal barely misses you. The ball python bites you.
The rat bites you but does no damage.
The jackal bites you but does no damage.
The hobgoblin hits you but does no damage.
The jackal bites you.
* * * LOW HITPOINT WARNING * * *
The ball python bites you but does no damage.
There's nothing you can charge at! The jackal barely misses you.
The hobgoblin hits you.
* * * LOW HITPOINT WARNING * * *
The jackal bites you but does no damage.
The jackal completely misses you.
You feel very mighty all of a sudden. You block the hobgoblin's attack.
The jackal bites you but does no damage.
You sock the jackal!
You kill the jackal!
The jackal bites you.
* * * LOW HITPOINT WARNING * * *
The rat barely misses you. The hobgoblin closely misses you.
The ball python barely misses you.
The jackal bites you but does no damage. x2
The rat bites you but does no damage.
The hobgoblin hits you but does no damage.
You barely miss the jackal. The jackal barely misses you.
The jackal completely misses you.
The ball python bites you but does no damage.
The rat bites you but does no damage.
The jackal bites you but does no damage.
You block the hobgoblin's attack. The jackal barely misses you.
You block the ball python's attack.
You barely miss the jackal. You tail-slap the jackal.
You kill the jackal!
You block the jackal's attack. The rat bites you.
You die...

........
#..#... ##
#.[... . ...
.... ..
..##..####...
.<.........
######.........
#..hS..........
#..@††......#..
#..rg...###....
#.......# ...
#.......# .
#.......#
#.......#
#########


You could see a jackal (weak-willed), a hobgoblin (weak-willed), a ball python
(weak-willed) and a rat (weak-willed).

Vanquished Creatures
  A dart slug (D:1)
  A bat (D:1)
  2 endoplasms (D:1)
  A goblin (D:1)
  2 hobgoblins (D:1)
  3 jackals (D:2)
  A quokka (D:1)
  3 ball pythons (D:1)
  A frilled lizard (D:1)
  3 kobolds (D:1)
  4 rats
22 creatures vanquished.

Vanquished Creatures (others)
  2 plants (D:1)
2 creatures vanquished.

Grand Total: 24 creatures vanquished

Notes
Turn   | Place    | Note
-------+----------+-------------------------------------------
     0 | D:1      | x13thangelx the Palentonga Fighter began the quest for the
                  | Orb.
     0 | D:1      | Reached XP level 1. HP: 19/19 MP: 1/1
   341 | D:1      | Reached XP level 2. HP: 23/25 MP: 2/2
   828 | D:2      | HP: 1/25 [jackal (2)]
   830 | D:2      | Slain by a rat

Illustrated notes

Levels and vault maps discovered:
D:1:      minmay_arrival_semitransparent, layout_loops_ring,
          serial_park_tiny_pond, serial_park_tiny_pond, serial_bayou_lagoon_a,
          minivault_24, columned_hall_lemuel, hangedman_decor_points
D:2:      layout_rooms, dreamdust_ecumenical_altar_angels_and_demons

Action                   || total
-------------------------++-------
Melee: Flail             ||    56
       Tailslap          ||    10
  Use: Scroll            ||     4
       Potion            ||     1
Armor: Scale mail        ||    58
Dodge: Dodged            ||    29
Block: Kite shield       ||    28
